AoeStats
← sergiomn19

Lombardia

508399876Analyzed
2v2 RM · 9d ago on Sep 22, 2026· 55m 22s· 4 players
Game mode
Random Map
Map size
Medium (4 player)
Population
200
Speed
Normal
Resources
Standard
Victory
Conquest
Starting age
Dark Age
Ending age
Imperial Age
RankedLock teamsTeams togetherTeam positionsShared explorationLock speedFull tech treeHidden civsTurbo modeCheats
Victory
Defeat
🇨🇳 Malians · China
642
+13
🇦🇺 Armenians · Australia
547
+16
🇬🇧 Poles · United Kingdom
579
-15
🇪🇸 Saracens · Spain
557
-14
criesoftheplanet
12:35 Feudal Age
12:57 Horse Collar
13:07 Double-Bit Axe
13:52 Gold Mining
14:45 Wheelbarrow
15:57 Stone Mining
18:43 Loom
20:30 Gold Mining
23:29 Castle Age
22:10 Forging
25:15 Hand Cart
27:21 Heavy Plow
27:40 Bow Saw
28:23 Caravan
29:03 Iron Casting
30:21 Scale Barding Armor
30:21 Husbandry
30:31 Bloodlines
30:01 Pikeman
34:20 Light Cavalry
38:35 Imperial Age
37:16 Stone Shaft Mining
37:15 Chain Barding Armor
38:30 Szlachta Privileges
38:43 Scale Mail Armor
38:35 Fletching
39:22 Ballistics
38:59 Murder Holes
40:32 Blast Furnace
39:40 Cavalier
42:52 Chemistry
42:46 Winged Hussar
44:44 Winged Hussar
46:09 Bombard Tower
46:39 Crop Rotation
45:48 Winged Hussar
47:53 Lechitic Legacy
47:07 Sappers
47:57 Conscription
48:22 Hoardings
48:04 Elite Obuch
50:20 Capped Ram
sergiomn19
3:44 Loom
12:03 Feudal Age
15:34 Wheelbarrow
16:01 Town Watch
18:37 Castle Age
18:12 Double-Bit Axe
21:00 Hand Cart
20:50 Town Patrol
21:39 Bow Saw
21:27 Horse Collar
22:37 Heavy Plow
23:25 Gold Mining
24:53 Gold Shaft Mining
24:09 Stone Mining
25:24 Fletching
25:47 Forging
25:43 Scale Barding Armor
26:02 Bodkin Arrow
27:27 Ballistics
26:51 Treadmill Crane
27:57 Iron Casting
27:26 Husbandry
27:37 Bloodlines
28:46 Masonry
30:29 Chain Barding Armor
31:38 Caravan
31:47 Murder Holes
36:23 Imperial Age
34:00 Light Cavalry
38:36 Plate Barding Armor
39:19 Blast Furnace
39:28 Bracer
39:37 Padded Archer Armor
39:46 Siege Engineers
40:47 Chemistry
41:07 Two-Man Saw
41:50 Elite Mameluke
43:06 Hoardings
42:46 Counterweights
42:57 Conscription
42:57 Leather Archer Armor
45:12 Parthian Tactics
44:08 Heavy Cavalry Archer
44:54 Thumb Ring
48:37 Elite Skirmisher
50:50 Ring Archer Armor
Pochita
0:30 Loom
13:00 Feudal Age
17:11 Castle Age
19:00 Wheelbarrow
18:42 Double-Bit Axe
24:04 Hand Cart
30:15 Imperial Age
28:55 Scale Mail Armor
29:05 Forging
29:08 Bow Saw
28:44 Horse Collar
29:12 Squires
28:32 Pikeman
31:31 Halberdier
33:40 Chain Mail Armor
34:54 Plate Mail Armor
35:21 Iron Casting
44:14 Elite Skirmisher
48:45 Blast Furnace
47:36 Fletching
47:46 Padded Archer Armor
53:33 Heavy Plow
psnb694238
0:28 Loom
14:17 Feudal Age
15:57 Wheelbarrow
15:32 Double-Bit Axe
21:44 Horse Collar
25:06 Castle Age
24:20 Gold Mining
24:21 Stone Mining
24:09 Man-at-Arms
24:34 Arson
25:49 Bloodlines
25:50 Scale Barding Armor
25:36 Fletching
26:48 Hand Cart
26:46 Bow Saw
26:43 Heavy Plow
34:04 Gold Shaft Mining
34:05 Stone Shaft Mining
38:11 Imperial Age
36:24 Bodkin Arrow
36:31 Scale Mail Armor
36:42 Forging
37:17 Caravan
37:47 Coinage
37:48 Tigui
37:54 Husbandry
37:52 Long Swordsman
37:53 Pikeman
38:33 Squires
38:03 Elite Skirmisher
39:27 Crop Rotation
38:44 Two-Handed Swordsman
38:48 Heavy Camel Rider
40:27 Heavy Cavalry Archer
41:37 Farimba
42:07 Champion
43:51 Banking
43:46 Chain Barding Armor
44:55 Chemistry
44:40 Iron Casting
46:23 Chain Mail Armor
46:09 Padded Archer Armor
46:44 Plate Barding Armor
46:56 Onager
46:56 Capped Ram
47:01 Elite Gbeto
54:32 Spies/Treason
Connection lost

Rejoining the realm…

Still unreachable

The connection could not be restored.

Session expired

The server has moved on; the page needs a fresh start.